Map: [ESL] Hecate

Players

Firefly - Winner!

  • Race: Protoss Protoss
  • Spawn Location: 1:00

MacSed

  • Race: Protoss Protoss
  • Spawn Location: 7:00

Event: ESL SC2 Masters 2023 Winter (Regional)

VOD

Have the link to the VOD?

Description

Time

  • Played on: Oct. 27, 2023, 7:47 a.m.
  • Length: 8:30

All games in this series

Show
View Real Time Build Order
Export as new Build Order

Firefly Protoss - Winner!

Build Orders: Oracle Opening 

Get SALT Encoding   

  12  0:00  Probe  
  13  0:12  Probe  
  14  0:17  Pylon  
  14  0:24  Probe  
  15  0:35  Gateway  
  15  0:36  Probe (Chrono Boost)  
  16  0:46  Probe (Chrono Boost)  
  16  0:47  Assimilator  
  17  0:51  Probe (Chrono Boost)  
  17  0:56  Assimilator  
  18  1:03  Probe (Chrono Boost)  
  19  1:09  Gateway  
  19  1:14  Probe (Chrono Boost)  
  20  1:19  Probe (Chrono Boost)  
  20  1:25  Cybernetics Core  
  21  1:29  Probe  
  22  1:35  Pylon  
  22  1:41  Probe  
  23  1:53  Probe  
  24  2:01  Warp Gate, Adept x2  
  28  2:14  Stargate  
  28  2:24  Pylon  
  28  2:32  Adept  
  28  2:36  Adept  
  31  2:56  Oracle (Chrono Boost)  
  32  3:09  Nexus  
  32  3:12  Probe  
  33  3:20  Shield Battery  
  33  3:27  Oracle (Chrono Boost)  
  34  3:31  Probe  
  37  3:38  Shield Battery  
  37  3:43  Probe  
  38  4:05  Probe  
  39  4:11  Pylon  
  39  4:21  Probe (Chrono Boost), Phoenix  
  42  4:25  Probe (Chrono Boost)  
  42  4:28  Stalker  
  44  4:33  Probe (Chrono Boost)  
  44  4:34  Probe (Chrono Boost)  
  45  4:44  Probe  
  44  4:45  Stalker  
  44  4:46  Probe  
  45  4:53  Stalker  
  45  4:58  Probe  
  48  5:00  Twilight Council  
  48  5:11  Probe  
  47  5:15  Stalker  
  47  5:16  Probe  
  47  5:20  Stalker  
  52  5:23  Probe  
  52  5:28  Probe  
  54  5:29  Gateway  
  54  5:35  Blink (Chrono Boost)  
  52  5:39  Stalker  
  52  5:40  Probe  
  52  5:41  Probe  
  56  5:46  Gateway  
  56  5:48  Pylon  
  56  5:50  Assimilator  
  56  5:54  Probe  
  51  6:05  Stalker x2  
  51  6:06  Probe  
  51  6:07  Probe  
  57  6:13  Robotics Facility  
  58  6:18  Probe  
  58  6:27  Stalker  
  58  6:32  Pylon  
  60  6:33  Stalker x2  
  63  6:40  Pylon  
  63  6:44  Stalker  
  63  6:46  Probe  
  66  6:51  Stalker  
  68  6:57  Nexus  
  68  6:59  Stalker  
  68  7:01  Stalker  
  72  7:02  Observer  
  72  7:07  Stalker  
  75  7:10  Probe x2  
  77  7:15  Pylon  
  77  7:20  Forge  
  77  7:22  Probe  
  78  7:27  Probe  
  73  7:35  Probe  
  72  7:41  Probe  
  71  7:45  Stalker x4  
  71  7:47  Observer  
  71  7:48  Probe  
  71  7:50  Shield Battery  
  81  7:53  Probe  
  82  8:00  Probe  
  82  8:02  Pylon  
  82  8:05  Probe  
Show
View Real Time Build Order
Export as new Build Order

MacSed Protoss 

Build Orders: Oracle Opening 

Get SALT Encoding   

  12  0:00  Probe  
  13  0:12  Probe  
  14  0:16  Pylon  
  14  0:24  Probe (Chrono Boost)  
  15  0:36  Gateway, Probe (Chrono Boost)  
  16  0:44  Probe (Chrono Boost)  
  16  0:45  Assimilator  
  17  0:50  Probe  
  17  0:54  Assimilator  
  18  1:03  Probe (Chrono Boost)  
  19  1:07  Gateway  
  20  1:12  Probe (Chrono Boost)  
  20  1:17  Probe (Chrono Boost)  
  20  1:24  Cybernetics Core  
  21  1:29  Probe  
  22  1:37  Pylon  
  22  1:41  Probe  
  23  1:55  Probe  
  23  2:00  Stalker  
  23  2:01  Stalker  
  28  2:02  Warp Gate  
  28  2:08  Probe  
  29  2:13  Shield Battery  
  28  2:20  Pylon  
  28  2:37  Stargate  
  28  2:50  Nexus  
  28  3:01  Shield Battery  
  30  3:08  Probe  
  28  3:18  Oracle (Chrono Boost), Shield Battery  
  28  3:23  Probe  
  32  3:34  Pylon  
  32  3:35  Probe  
  33  3:45  Oracle (Chrono Boost)  
  33  3:47  Probe  
  37  3:50  Stalker  
  37  3:52  Stalker  
  39  3:59  Pylon  
  39  4:02  Probe  
  40  4:04  Probe  
  41  4:15  Phoenix  
  43  4:18  Probe  
  44  4:27  Stalker  
  44  4:30  Stalker  
  39  4:47  Probe (Chrono Boost)  
  39  4:48  Probe (Chrono Boost)  
  41  4:58  Probe (Chrono Boost)  
  41  4:59  Probe (Chrono Boost)  
  43  5:01  Twilight Council  
  43  5:04  Probe (Chrono Boost)  
  44  5:10  Probe  
  45  5:14  Probe  
  43  5:23  Probe  
  43  5:24  Stalker  
  43  5:27  Probe  
  47  5:34  Blink (Chrono Boost)  
  47  5:35  Probe  
  48  5:37  Shield Battery  
  48  5:42  Probe  
  49  5:49  Stalker  
  51  5:54  Stalker  
  53  6:00  Probe  
  53  6:02  Probe  
  50  6:12  Probe, Stalker  
  50  6:14  Probe  
  54  6:24  Probe  
  55  6:26  Probe  
  56  6:36  Probe  
  56  6:39  Probe  
  58  6:45  Stalker x2  
  60  6:48  Probe  
  60  6:51  Probe  
  62  7:03  Pylon  
  62  7:07  Nexus  
  62  7:16  Pylon  
  62  7:21  Probe x2  
  64  7:22  Stalker x2  
  59  7:33  Probe x2  
  49  7:45  Probe x2  
  49  7:46  Stalker x2  
  55  7:51  Pylon  
  55  7:54  Shield Battery  
  55  7:57  Robotics Facility  
  55  7:58  Forge, Probe x2  
  56  8:06  Shield Battery  
  56  8:09  Stalker  
  56  8:10  Probe x2, Stalker  
Tags
 
Add a new tag
Caveats
  • Supply blocks, unpowered buildings, or Contaminate may cause inaccurate times.
  • Supply counts are checked every 10 seconds.